 Dungeon Crawl Stone Soup version 0.26.0-16-gc1dbca0489 (webtiles) character file.

Game seed: 6780261924425126020

20282 pokeman the Eclecticist (level 12, -2/67 HPs)
             Began as a Deep Elf Hedge Wizard on Jan 17, 2021.
             Was a Priest of Vehumet.
             Slain by a spark wasp (shapeshifter) (15 damage)
             ... in a Gauntlet on Jan 18, 2021.
             The game lasted 01:05:15 (19480 turns).

pokeman the Eclecticist (Deep Elf Hedge Wizard)    Turns: 19480, Time: 01:05:16

Health: -2/67      AC:  9    Str:  7    XL:     12   Next: 44%
Magic:  27/34      EV: 12    Int: 25    God:    Vehumet [***...]
Gold:   490        SH:  5    Dex: 14    Spells: 27/44 levels left

rFire    . . .     SeeInvis .   x - +2 whip (drain)
rCold    . . .     Faith    .   V - +0 buckler (curse)
rNeg     . . .     Spirit   .   G - +0 leather armour {Will+}
rPois    +         Reflect  .   B - +1 helmet
rElec    .         Harm     .   R - +0 cloak
rCorr    .         Rampage  .   p - +0 pair of gloves
Will     +++..     NoTele   +   k - +0 pair of boots
Stlth    ++........             (no amulet)
HPRegen  0.21/turn              g - ring of poison resistance
MPRegen  0.24/turn              u - ring of willpower

@: no status effects
A: no striking features
a: Renounce Religion


You were in a Gauntlet.
You worshipped Vehumet.
Vehumet was most pleased with you.
You visited 2 branches of the dungeon, and saw 14 of its levels.
You also visited: Sewer and Gauntlet.

You collected 574 gold pieces.
You spent 84 gold pieces at shops.

Inventory:

Hand Weapons
 x - a +2 whip of draining (weapon)
 L - a +2 longbow of freezing
Missiles
 e - 336 arrows
 M - 54 bolts
Armour
 k - a +0 pair of boots (worn)
 p - a +0 pair of gloves (worn)
 B - a +1 helmet (worn)
 G - a +0 leather armour of willpower (worn)
 R - a +0 cloak (worn)
 V - a cursed +0 buckler (worn)
Magical Staves
 N - an uncursed staff of earth
Jewellery
 g - a ring of poison resistance (left hand)
 u - a ring of willpower (right hand)
Wands
 t - a wand of flame (28)
 I - a wand of acid (5)
 J - a wand of paralysis (13)
 S - a wand of digging (2)
 T - a wand of disintegration (9)
 U - a wand of iceblast (17)
Scrolls
 b - 7 scrolls of teleportation
 f - 6 scrolls of enchant armour
 h - 3 scrolls of magic mapping
 i - 4 scrolls of blinking
 l - 4 scrolls of immolation
 o - 3 scrolls of enchant weapon {unknown}
 r - 5 scrolls of remove curse
 s - 5 scrolls of amnesia {unknown}
 w - 2 scrolls of random uselessness {unknown}
 y - 3 scrolls of fear {unknown}
 D - a scroll of silence {unknown}
 E - 3 scrolls of fog {unknown}
Potions
 a - a potion of brilliance
 j - 2 potions of invisibility
 q - 2 potions of might
 v - 3 potions of mutation
 z - 6 potions of magic
 A - 2 potions of attraction
 C - 4 potions of haste
 F - 3 potions of curing
 H - a potion of degeneration
 K - 2 potions of cancellation
 O - a potion of berserk rage {unknown}
 P - 2 potions of lignification
 Q - a potion of heal wounds


   Skills:
 + Level 4.6 Fighting
 - Level 4.0 Armour
 - Level 3.0 Dodging
 - Level 3.0 Stealth
 - Level 4.0 Shields
 * Level 16.5 Spellcasting
 + Level 10.3 Conjurations
 - Level 1.1 Summonings
 - Level 1.1 Translocations
 + Level 9.8 Fire Magic
 - Level 1.0 Air Magic
 - Level 1.2 Earth Magic
 - Level 1.0 Poison Magic
 - Level 1.0 Evocations


You had 27 spell levels left.
You knew the following spells:

 Your Spells              Type           Power        Failure   Level
a - Magic Dart            Conj           100%         1%          1
b - Mephitic Cloud        Conj/Pois/Air  41%          1%          3
c - Call Imp              Summ           26%          3%          2
d - Blink                 Tloc           N/A          3%          2
e - Conjure Flame         Conj/Fire      63%          1%          3
f - Foxfire               Conj/Fire      100%         1%          1
g - Bolt of Magma         Conj/Fire/Erth 27%          1%          5

Your spell library contained the following spells:

 Spells                   Type           Power        Failure   Level
 Stone Arrow              Conj/Erth      98%          1%          3
 Searing Ray              Conj           100%         1%          2
 Dazzling Flash           Conj/Hex       92%          1%          3
 Fulminant Prism          Conj/Hex       23%          1%          4
 Iskenderun's Mystic Bla  Conj/Tloc      49%          1%          4
 Beastly Appendage        Tmut           40%          3%          1
 Sting                    Tmut/Pois      92%          3%          1
 Irradiate                Conj/Tmut      23%          3%          5
 Slow                     Hex            20%          5%          2
 Wereblood                Tmut           20%          5%          2
 Spider Form              Tmut/Pois      11%          9%          3
 Petrify                  Tmut/Erth      23%          28%         4
 Ice Form                 Ice/Tmut       20%          36%         4
 Summon Forest            Summ/Tloc      13%          54%         5
 Blade Hands              Tmut           10%          71%         5
 Dragon's Call            Summ           13%          100%        9


Dungeon Overview and Level Annotations

Branches:
Dungeon (13/15)            Temple (1/1) D:7            Lair (0/6) D:10
    Orc (0/2) D:12          Sewer (visited)         Gauntlet (1/1)
 Vaults: D:13-14

Altars:
Ashenzari
Cheibriados
Dithmenos
Elyvilon
Fedhas
Gozag
Hepliaklqana
Kikubaaqudgha
Makhleb
Nemelex Xobeh
Okawaru
Qazlal
Ru
Sif Muna
Trog
Uskayaw
Vehumet
Wu Jian
Xom
Yredelemnul
Zin
The Shining One

Shops:
D:6 !   D:7 =   D:10 *   D:11 :

Annotations:
Gauntlet 13 transporters, 1 runed translucent door, exclusion: oklob plant


Message History

Your shadow imp dies!
The spark wasp blinks!
Your white imp closely misses the spark wasp.
Casting: Call Imp (safe; 3% risk of failure)
Confirm with . or Enter, or press ? or * to list all spells.
Aiming: Mephitic Cloud (safe; 1% risk of failure)
Press: ? - help, Shift-Dir - straight line, f/p - spark wasp
Aim: a spark wasp shaped shifter The ball explodes into a vile cloud!
The stinking cloud engulfs the spark wasp but does no damage.
The stinking cloud engulfs you but does no damage.
The stinking cloud engulfs your white imp but does no damage.
Your white imp is almost dead.
The spark wasp is engulfed in noxious fumes.
The spark wasp stings you! The spark wasp shocks you!
The spark wasp is engulfed in noxious fumes.
The spark wasp stings you!
* * * LOW HITPOINT WARNING * * *
The spark wasp shocks you!
You die...

####################..###
.......©...........#...≈#
.......©.........©.#...###
######################..≈#
.#.#.}.©$..#.#.:?©...#..##
.#.#.#...#.#.#.#####.#..§#
.#.#.###..P#.#.#☼§§#.#..##
.#.#.#.©.#.#.#.#§y○#.#..≈#
.#.#...###D#.#.+@.5'.#..##
w#.#.#...#.#.#.#####.#..≈#
w#.#D###...#.#.....B.#..##
##.#########.#########..≈#
.......©.........©......##
....∩..8..∩.............≈#
≈#...........#≈#≈#§#≈#≈###
##≈#≈#≈#≈#≈#≈###########
#############


You could see a spark wasp shaped shifter, an oklob plant, a soldier ant shaped
shifter, an acid dragon and a friendly white imp (summoned).

Vanquished Creatures
  2 vault guards (D:13)
  A boulder beetle (D:12)
  2 hydras (D:12)
  3 two-headed ogres
  Urug (D:11)
  Nergalle (D:11)
  2 unseen horrors (D:11)
  Pikel (D:7)
  5 ugly things (D:11)
  A manticore (D:12)
  Joseph (D:7)
  A troll (D:12)
  2 wraiths (D:12)
  A wyvern (D:9)
  13 yaks
  A hog (shapeshifter) (D:11)
  A basilisk (D:12)
  2 steam dragons
  A vampire mosquito (D:13)
  Menkaure (D:7)
  2 wargs (D:10)
  A redback simulacrum (D:11)
  A soldier ant (D:12)
  2 water moccasins
  6 orc warriors
  2 sky beasts
  4 black bears
  3 ice beasts
  5 ogres
  2 phantoms
  4 centaurs
  2 big kobolds
  3 bullfrogs
  A wyvern zombie (D:12)
  3 scorpions
  7 killer bees
  5 wights (D:12)
  A howler monkey (D:8)
  An electric eel (D:9)
  A quasit (D:11)
  11 hounds
  A bullfrog zombie (D:7)
  2 jellies
  4 bullfrog skeletons
  8 orc priests
  15 orc wizards
  6 centaur skeletons
  7 worker ants
  3 iguanas
  A hound zombie (D:7)
  Robin (D:4)
  17 adders
  4 white imps
  3 oozes
  3 ufetubi
  2 adder skeletons
  2 worms
  2 dart slugs (D:1)
  A leopard gecko (D:7)
  57 orcs
  4 ball pythons
  6 giant cockroaches
  15 hobgoblins
  8 jackals
  28 kobolds
  4 quokkas
  A ball python skeleton (D:6)
  5 bats
  8 frilled lizards
  13 goblins
  A leopard gecko zombie (D:3)
  4 rats (D:1)
346 creatures vanquished.

Vanquished Creatures (collateral kills)
  An ugly thing (D:11)
  2 worms (D:2)
  A kobold (D:2)
4 creatures vanquished.

Vanquished Creatures (others)
  2 killer bees (D:7)
  336 foxfires
  7 plants (Sewer)
345 creatures vanquished.

Grand Total: 695 creatures vanquished

Notes
Turn   | Place    | Note
-------+----------+-------------------------------------------
     0 | D:1      | pokeman the Deep Elf Hedge Wizard began the quest for the
                  | Orb.
     0 | D:1      | Reached XP level 1. HP: 10/10 MP: 7/7
   337 | D:1      | Reached XP level 2. HP: 14/16 MP: 2/9
   668 | D:1      | Reached skill level 5 in Spellcasting
   814 | D:1      | Reached XP level 3. HP: 20/20 MP: 9/11
   818 | D:1      | Learned a level 3 spell: Mephitic Cloud
   821 | D:1      | Learned a level 2 spell: Call Imp
   824 | D:1      | Learned a level 2 spell: Blink
   828 | D:1      | Learned a level 3 spell: Conjure Flame
  1715 | D:2      | Reached skill level 1 in Fighting
  1715 | D:2      | Reached skill level 1 in Armour
  2095 | D:2      | Reached XP level 4. HP: 13/25 MP: 3/13
  2794 | D:2      | Reached skill level 1 in Poison Magic
  2841 | D:3      | Reached skill level 6 in Spellcasting
  2841 | D:3      | Reached XP level 5. HP: 29/29 MP: 7/15
  3207 | D:3      | Found a faded altar of an unknown god.
  3361 | D:3      | Reached skill level 1 in Air Magic
  3774 | D:4      | Noticed Robin
  3993 | D:4      | Found a glowing drain.
  4002 | Sewer    | Entered a sewer
  4331 | Sewer    | Reached XP level 6. HP: 23/34 MP: 11/17
  5003 | D:4      | Killed Robin
  5004 | D:4      | Reached skill level 1 in Fire Magic
  5405 | D:4      | Reached skill level 1 in Evocations
  5458 | D:4      | Reached skill level 7 in Spellcasting
  6629 | D:5      | Entered Level 5 of the Dungeon
  6638 | D:5      | Reached XP level 7. HP: 29/39 MP: 12/20
  7052 | D:5      | Found a snail-covered altar of Cheibriados.
  7679 | D:6      | Reached skill level 8 in Spellcasting
  7728 | D:6      | Found an iron altar of Okawaru.
  7833 | D:6      | Found a bloodstained altar of Trog.
  7848 | D:6      | Found Xybbiz's Distillery.
  7855 | D:6      | Bought 2 potions of curing for 84 gold pieces
  8097 | D:6      | Reached XP level 8. HP: 44/44 MP: 19/22
  8137 | D:6      | Reached skill level 9 in Spellcasting
  8334 | D:6      | Found a sacrificial altar of Ru.
  8639 | D:7      | Found Bufoiqe's Jewellery Shop.
  8753 | D:7      | Reached skill level 5 in Conjurations
  8885 | D:7      | Found a shadowy altar of Dithmenos.
  9151 | D:7      | Noticed Pikel
  9154 | D:7      | Noticed Joseph
  9165 | D:7      | Killed Pikel
  9166 | D:7      | Reached skill level 10 in Spellcasting
  9174 | D:7      | Killed Joseph
  9175 | D:7      | Reached skill level 5 in Fire Magic
  9175 | D:7      | Reached XP level 9. HP: 18/48 MP: 12/25
  9527 | D:7      | Found a staircase to the Ecumenical Temple.
  9532 | D:7      | Identified the Collected Works on Mutagenic Ignition
  9542 | Temple   | Entered the Ecumenical Temple
  9573 | Temple   | Became a worshipper of Vehumet
  9600 | Temple   | Learned a level 5 spell: Bolt of Magma
  9632 | D:7      | Found a broken altar of Ashenzari.
  9677 | D:7      | Reached skill level 11 in Spellcasting
  9826 | D:7      | Noticed Menkaure
 10295 | D:7      | Killed Menkaure
 10296 | D:7      | Reached skill level 1 in Earth Magic
 10651 | D:8      | Noticed a two-headed ogre
 10677 | D:8      | Killed a two-headed ogre
 10874 | D:8      | Reached skill level 12 in Spellcasting
 11179 | D:8      | Found a snail-covered altar of Cheibriados.
 11259 | D:8      | Reached * piety under Vehumet
 11259 | D:8      | Offered knowledge of Foxfire by Vehumet.
 11263 | D:8      | Learned a level 1 spell: Foxfire
 11380 | D:8      | Found a basalt altar of Yredelemnul.
 11970 | D:9      | Noticed a two-headed ogre
 12010 | D:9      | Killed a two-headed ogre
 12011 | D:9      | Reached XP level 10. HP: 56/56 MP: 10/28
 12440 | D:9      | Found a white marble altar of Elyvilon.
 12555 | D:9      | Reached skill level 13 in Spellcasting
 12725 | D:9      | Found a burning altar of Makhleb.
 12810 | D:9      | Found a glowing silver altar of Zin.
 12810 | D:9      | Noticed an angel
 12810 | D:9      | Noticed a blizzard demon
 13105 | D:10     | Entered Level 10 of the Dungeon
 13229 | D:10     | Found Hocreici's Changing Room.
 13305 | D:10     | Found a staircase to the Lair.
 13320 | D:10     | Reached ** piety under Vehumet
 13322 | D:10     | Offered knowledge of Sandblast by Vehumet.
 13727 | D:10     | Reached skill level 1 in Shields
 14377 | D:11     | Reached skill level 14 in Spellcasting
 14377 | D:11     | Reached XP level 11. HP: 59/61 MP: 27/31
 14384 | D:11     | Killed an unseen horror
 14574 | D:11     | Found Jiafum's Book Shop.
 14697 | D:11     | Noticed a purple ugly thing
 14708 | D:11     | Killed a purple ugly thing
 14780 | D:11     | Noticed a red ugly thing
 14809 | D:11     | Killed a red ugly thing
 15094 | D:11     | Killed an unseen horror
 15188 | D:11     | Offered knowledge of Inner Flame by Vehumet.
 15401 | D:11     | Noticed a red ugly thing
 15402 | D:11     | Noticed a brown ugly thing
 15415 | D:11     | Killed a brown ugly thing
 15429 | D:11     | Killed a red ugly thing
 15817 | D:11     | Noticed Urug
 15861 | D:11     | Killed Urug
 15862 | D:11     | Reached skill level 15 in Spellcasting
 16196 | D:11     | Noticed Nergalle
 16218 | D:11     | Noticed a purple ugly thing
 16221 | D:11     | Noticed a green ugly thing
 16222 | D:11     | Killed Nergalle
 16462 | D:11     | Killed a purple ugly thing
 16975 | D:12     | Noticed a five-headed hydra
 16975 | D:12     | Noticed a brown ugly thing
 16996 | D:11     | Killed a brown ugly thing
 17037 | D:12     | Noticed a seven-headed hydra
 17045 | D:12     | Killed a seven-headed hydra
 17169 | D:12     | Reached *** piety under Vehumet
 17689 | D:12     | Noticed a boulder beetle
 17792 | D:12     | Killed a boulder beetle
 17793 | D:12     | Reached XP level 12. HP: 40/66 MP: 1/33
 18353 | D:12     | Reached skill level 16 in Spellcasting
 18427 | D:12     | Found a staircase to the Orcish Mines.
 18442 | D:12     | Killed a five-headed hydra
 18443 | D:12     | Reached skill level 10 in Conjurations
 18582 | D:12     | Offered knowledge of Stone Arrow by Vehumet.
 18672 | D:12     | Noticed a two-headed ogre
 18679 | D:12     | Killed a two-headed ogre
 18747 | D:12     | Identified the Collected Works on Dusty Illusion
 19180 | D:13     | Noticed a vault guard
 19180 | D:13     | Noticed a vault guard
 19207 | D:13     | Found a gate leading to a gauntlet.
 19215 | D:13     | Killed a vault guard
 19217 | D:13     | Killed a vault guard
 19223 | Gauntlet | Entered a Gauntlet
 19223 | Gauntlet | Found a transporter.
 19223 | Gauntlet | Found a transporter.
 19225 | Gauntlet | Found a transporter.
 19225 | Gauntlet | Found a transporter.
 19228 | Gauntlet | Found a transporter.
 19245 | Gauntlet | Found a runed translucent door.
 19247 | Gauntlet | Found a transporter.
 19249 | Gauntlet | Found a runed translucent door.
 19250 | Gauntlet | Found a transporter.
 19286 | Gauntlet | Found a transporter.
 19287 | Gauntlet | Found a transporter.
 19287 | Gauntlet | Found a transporter.
 19310 | Gauntlet | Found a transporter.
 19318 | Gauntlet | Found a transporter.
 19342 | Gauntlet | Found a transporter.
 19350 | Gauntlet | Found a transporter.
 19424 | Gauntlet | Noticed a spark wasp
 19457 | Gauntlet | Noticed a satyr
 19457 | Gauntlet | a spark wasp changed into a satyr
 19463 | Gauntlet | Noticed a queen ant
 19463 | Gauntlet | a satyr changed into a queen ant
 19477 | Gauntlet | Noticed a spark wasp
 19477 | Gauntlet | a queen ant changed into a spark wasp
 19480 | Gauntlet | Slain by a spark wasp (shapeshifter)

Illustrated notes

Levels and vault maps discovered:
D:1:      dpeg_arrival_pond, layout_loops_cross
D:2:      layout_basic, hangedman_feature_mirror
D:3:      layout_basic, chequers_ecumenical_altar_simple_redux
D:4:      layout_basic, cheibrodos_sewer_entry_sluice, minmay_diced_spiral,
          uniq_robin
D:5:      layout_cave_pods, basic_altar, minmay_misc_feat_cross, hex_medium
D:6:      layout_loops_cross, trog_ov_bears_minmay, marbit_many_paths,
          kennysheep_mini, serial_shops, shop
D:7:      layout_loops_cross, nicolae_dithmenos_shadow_blocks,
          nicolae_ashenzari_panopticon, minmay_temple_entry_offerings,
          serial_shops, shop, uniq_menkaure, uniq_pikel, uniq_joseph
D:8:      layout_loops_ring, overflow_temple_1_default,
          nicolae_overflow_crystal_walls
D:9:      layout_long_grid, grunt_temple_overflow_order_and_chaos_2,
          elyvilon_altar_1, minivault_4
D:10:     layout_cave_pools, erik_lair_orcish_takeover,
          nicolae_transmutations_shop
D:11:     kennysheep_six_static_rooms, layout_loops_ring, serial_shops,
          nicolae_shop_crystal, uniq_nergalle, uniq_urug
D:12:     layout_loops_cross, david_orc_2
D:13:     layout_rooms, lightli_vaults_fourway_checkpoint,
          gauntlet_entry_generic
Temple:   minmay_temple_bridge_abc
Gauntlet: gammafunk_gauntlet_mixed_choke_point
          [minmay_gauntlet_arena_77_block_sizes,
          minmay_gauntlet_arena_77_broken_ladder,
          minmay_gauntlet_arena_77_shame_cube, nicolae_gauntlet_arena_x,
          minmay_gauntlet_arena_77_p_blocks, minmay_gauntlet_arena_77_fan,
          minmay_gauntlet_arena_77_two_lines, gauntlet_exit_watery]

Skill      XL: |  1  2  3  4  5  6  7  8  9 10 11 12 |
---------------+-------------------------------------+-----
Spellcasting   | 5 6 7 8 10 12 14 15 16 | 16.5
Fighting       | 1 2 3 4 |  4.6
Armour         | 1 3 4 |  4.0
Conjurations   | 2 3 4 5 7 8 9 10 | 10.3
Poison Magic   | 1 |  1.0
Dodging        | 3 |  3.0
Air Magic      | 1 |  1.0
Stealth        | 3 |  3.0
Fire Magic     | 1 3 5 6 7 9 |  9.8
Evocations     | 1 |  1.0
Earth Magic    | 1 |  1.2
Shields        | 1 3 4 |  4.0
Summonings     | |  1.1
Translocations | |  1.1

Action                   |  1- 3 |  4- 6 |  7- 9 | 10-12 || total
-------------------------+-------+-------+-------+-------++-------
Melee: Dagger            |    17 |     4 |       |       ||    21
       Whip              |    25 |    40 |    64 |   118 ||   247
       Flail             |       |    22 |       |       ||    22
 Cast: Magic Dart        |    85 |   185 |   198 |     1 ||   469
       Mephitic Cloud    |     1 |     8 |    22 |    40 ||    71
       Call Imp          |     1 |       |     5 |    23 ||    29
       Conjure Flame     |       |     2 |    19 |    45 ||    66
       Foxfire           |       |       |    25 |   166 ||   191
       Bolt of Magma     |       |       |       |    71 ||    71
       Blink             |       |       |       |     6 ||     6
Evoke: Wand              |       |       |       |     7 ||     7
  Use: Scroll            |       |       |       |    18 ||    18
 Stab: Sleeping          |     2 |     2 |       |       ||     4
       Confused          |       |     6 |    11 |     9 ||    26
Armor: Robe              |     3 |       |       |       ||     3
       Leather armour    |     7 |    28 |    26 |    57 ||   118
Dodge: Dodged            |    28 |    63 |    62 |   112 ||   265
Block: Buckler           |       |       |       |     4 ||     4
